Map: Efeméride LE

Players

LowLinK - Winner!

  • Race: Protoss Protoss
  • League: Platinum
  • Spawn Location: 5:00

SHADOW

  • Race: Protoss Protoss
  • League: Diamond
  • Spawn Location: 11:00

VOD

Have the link to the VOD?

Description

Time

  • Played on: Feb. 15, 2020, 10:51 a.m.
  • Length: 6:46
Show
View Real Time Build Order
Export as new Build Order

LowLinK Protoss - Winner!

Build Orders:  

Get SALT Encoding   

  12  0:01  Probe  
  13  0:13  Probe  
  14  0:18  Pylon  
  14  0:25  Probe  
  15  0:37  Probe (Chrono Boost), Gateway  
  16  0:47  Assimilator  
  16  0:48  Probe (Chrono Boost)  
  17  0:52  Probe (Chrono Boost)  
  17  0:55  Assimilator  
  18  1:03  Probe  
  19  1:15  Probe  
  20  1:23  Pylon  
  20  1:24  Cybernetics Core  
  20  1:28  Probe  
  21  1:40  Probe  
  22  1:52  Probe  
  22  1:54  Warp Gate (Chrono Boost)  
  23  1:59  Pylon  
  23  2:04  Probe  
  24  2:18  Gateway  
  24  2:20  Gateway  
  24  2:21  Gateway  
  24  2:24  Gateway  
  24  2:33  Pylon  
  24  2:42  Sentry  
  26  3:10  Pylon  
  26  3:20  Pylon  
  26  3:27  Stalker x2  
  26  3:28  Stalker x3  
  36  3:50  Stalker  
  36  3:51  Sentry  
  36  3:53  Stalker x2  
  44  3:55  Sentry  
  46  4:07  Stalker  
  48  4:15  Stalker  
  50  4:19  Zealot  
  50  4:22  Adept  
  46  4:55  Nexus  
Show
View Real Time Build Order
Export as new Build Order

SHADOW Protoss 

Build Orders:  

Get SALT Encoding   

  12  0:01  Probe  
  13  0:13  Probe  
  14  0:17  Pylon  
  14  0:25  Probe (Chrono Boost)  
  16  0:37  Probe (Chrono Boost)  
  16  0:40  Gateway  
  16  0:42  Probe (Chrono Boost)  
  17  0:52  Probe  
  17  0:54  Assimilator  
  18  0:58  Assimilator  
  18  1:04  Probe (Chrono Boost)  
  18  1:11  Gateway  
  19  1:14  Probe (Chrono Boost)  
  20  1:19  Probe  
  21  1:27  Cybernetics Core  
  21  1:31  Probe  
  22  1:43  Probe  
  23  2:04  Pylon  
  23  2:05  Warp Gate  
  23  2:09  Robotics Facility  
  24  2:22  Probe (Chrono Boost)  
  24  2:30  Stalker x2  
  24  2:32  Probe (Chrono Boost)  
  24  2:37  Probe (Chrono Boost)  
  29  2:39  Pylon  
  30  2:49  Probe  
  31  2:57  Warp Prism  
  33  3:00  Stalker  
  33  3:02  Stalker  
  37  3:12  Gateway  
  37  3:20  Gateway  
  37  3:27  Gateway  
  37  3:37  Gateway  
  37  4:00  Pylon  
  37  4:05  Pylon  
  37  4:20  Stalker x3  
  37  4:21  Stalker  
  45  4:25  Pylon, Shield Battery  
  45  4:28  Shield Battery  
  45  4:44  Stalker x2  
  40  5:03  Stalker x2  
  18  5:32  Probe  
Tags
 
Add a new tag
Caveats
  • Supply blocks, unpowered buildings, or Contaminate may cause inaccurate times.
  • Supply counts are checked every 10 seconds.